 Dungeon Crawl Stone Soup version 0.18-a0-1586-g58c38cf (webtiles) character file.

1417 Elkling the Thaumaturge (level 8, -15/41 HPs)
             Began as a Deep Elf Wizard on Mar 18, 2016.
             Was a Follower of Vehumet.
             Demolished by a skeletal warrior
             ... wielding a +0 flail
              (26 damage)
             ... on level 7 of the Dungeon.
             The game lasted 00:22:32 (7306 turns).

Elkling the Thaumaturge (Deep Elf Wizard)           Turns: 7306, Time: 00:22:33

Health: -15/41     AC:  4    Str:  7    XL:     8   Next: 43%
Magic:  22/32      EV: 14    Int: 26    God:    Vehumet [*.....]
Gold:   113        SH:  0    Dex: 13    Spells: 6 memorised, 13 levels left

rFire  . . .     SeeInvis .     s - +0 spear (venom)
rCold  . . .     Gourm    .     a - +0 robe
rNeg   . . .     Faith    .     (no shield)
rPois  .         Spirit   .     b - +0 hat
rElec  .         Dismiss  .     p - +0 cloak
rCorr  .         Reflect  .     E - +0 pair of gloves {Str+3}
SustAt .         Harm     +     (no boots)
MR     .....                    j - amulet of harm
Stlth  ++........               (no ring)
                                v - ring of magical power

@: very slightly contaminated, repel missiles, not resistant to hostile
enchantments, unstealthy
A: no striking features
a: Renounce Religion


You were on level 7 of the Dungeon.
You worshipped Vehumet.
Vehumet was aware of your devotion.
You were very hungry.

You visited 1 branch of the dungeon, and saw 8 of its levels.

You collected 262 gold pieces.
You spent 149 gold pieces at shops.

Inventory:

Hand Weapons
 k - a +0 spear
 s - a +0 spear of venom (weapon)
 I - a -1 quarterstaff
Armour
 a - a +0 robe (worn)
 b - a +0 hat (worn)
 p - a +0 cloak (worn)
 t - a +0 buckler
 E - a +0 pair of gloves of strength (worn)
Rods
 w - a -2 rod of ignition (10/10)
   (You found it on level 3 of the Dungeon)
Jewellery
 i - an uncursed amulet of rage
 j - an amulet of harm (around neck)
 v - a ring of magical power (left hand)
Wands
 m - a wand of flame (15/48)
 u - a wand of slowing (13/48)
 B - a wand of polymorph (16/24)
Scrolls
 e - a scroll of fog
 l - 2 scrolls of recharging
 n - a scroll of amnesia
 x - 5 scrolls of blinking
 y - a scroll of noise {unknown}
 C - a scroll of enchant armour {unknown}
Potions
 q - a potion of curing
 z - a potion of might
 D - 2 potions of brilliance
 F - a potion of heal wounds
Books
 c - a book of Minor Magic

   Spells                             Type                      Level
   a - Magic Dart                     Conjuration                  1
   b - Blink                          Translocation                2
   c - Call Imp                       Summoning                    2
   d - Repel Missiles                 Charms/Air                   2
   e - Slow                           Hexes                        2
   f - Conjure Flame                  Conjuration/Fire             3
   g - Mephitic Cloud                 Conjuration/Poison/Air       3
 g - a book of Geomancy

   Spells                             Type                      Level
   a - Sandblast                      Earth                        1
   b - Passwall                       Transmutation/Earth          2
   c - Stone Arrow                    Conjuration/Earth            3
   d - Petrify                        Transmutation/Earth          4
   e - Lee's Rapid Deconstruction     Earth                        5
Comestibles
 d - 4 bread rations
 f - 2 slices of pizza
 h - 4 meat rations
 G - a beef jerky


   Skills:
 - Level 4.4 Dodging
 - Level 2.4 Stealth
 + Level 4.0 Shields
 + Level 9.2 Spellcasting
 + Level 6.3 Conjurations
   Level 1.1 Summonings
 - Level 1.1 Translocations


You had 13 spell levels left.
You knew the following spells:

 Your Spells              Type           Power        Failure   Level  Hunger
a - Magic Dart            Conj           ####         1%          1    None
b - Blink                 Tloc           N/A          6%          2    None
c - Conjure Flame         Conj/Fire      ####....     6%          3    None
d - Sting                 Conj/Pois      ####         1%          1    None
m - Mephitic Cloud        Conj/Pois/Air  ###.....     10%         3    None
r - Repel Missiles        Chrm/Air       ##....       10%         2    None


Dungeon Overview and Level Annotations

Branches:
Dungeon (8/15)             Temple (0/1) D:7
   Lair: D:8-11

Altars:
Ashenzari
Fedhas
Gozag
Makhleb
Okawaru
Pakellas
Qazlal
Vehumet
Xom
The Shining One

Shops:
D:6 [

Annotations:
D:4 moose's ghost, amateur GrAM
D:5 Menkaure; jediscout1's ghost, novice FoAK
D:8 MechaSlinky's ghost, novice TrAK


Message History

Press: ? - help, Shift-Dir - straight line, f/p - skeletal warrior
Aim: a skeletal warrior, wielding a flail (lightly damaged)
The magic dart hits the skeletal warrior.
The skeletal warrior is lightly damaged.
Casting: Magic Dart
Confirm with . or Enter, or press ? or * to list all spells.
Aiming: Magic Dart
Press: ? - help, Shift-Dir - straight line, f/p - skeletal warrior
Aim: a skeletal warrior, wielding a flail (lightly damaged)
The magic dart hits the skeletal warrior.
The skeletal warrior is lightly damaged.
Casting: Magic Dart
Confirm with . or Enter, or press ? or * to list all spells.
Okay, then.
You barely miss the skeletal warrior.
The skeletal warrior is lightly damaged.
The skeletal warrior is engulfed in roaring flames.
The skeletal warrior hits you with a flail!!
Ouch! That really hurt!
You die...

.# #.....#.......######
.# ############.###..#
.####......###.....##.#
....'......+#.8...8.#.#
.####.......#.......#.#
## #..........._.....#
# #......##.......### #
#......##.8...8.# #
#......###..@..#######
#
#......#####z###...[.#
# #.......# #.........#
# #.......# #.........#
# ##......# #.........#
# #......# #.........#
# #......# #.........#
# ######## #.........#
# #.........#


You could see a skeletal warrior.

Vanquished Creatures
  Sigmund (D:5)
  An ice beast (D:8)
  2 ogres
  A sky beast (D:7)
  A centaur (D:7)
  A giant frog (D:8)
  4 killer bees (D:7)
  3 jellies
  2 hounds
  4 orc wizards
  A giant frog skeleton (D:5)
  An orc priest (D:7)
  Crazy Yiuf (D:5)
  2 worker ants (D:4)
  A killer bee zombie (D:5)
  A hound skeleton (D:7)
  7 adders
  An ooze (D:4)
  An adder skeleton (D:7)
  3 dart slugs
  5 giant geckos
  19 orcs
  7 giant cockroaches
  8 goblins
  9 hobgoblins
  12 jackals
  A quokka (D:7)
  2 ball pythons (D:3)
  4 bats
  A giant gecko zombie (D:6)
  4 giant newts
  9 kobolds
  A quokka skeleton (D:7)
  8 rats
129 creatures vanquished.

Notes
Turn   | Place    | Note
--------------------------------------------------------------
     0 | D:1      | Elkling the Deep Elf Wizard began the quest for the Orb.
     0 | D:1      | Reached XP level 1. HP: 10/10 MP: 7/7
   268 | D:1      | Reached XP level 2. HP: 15/15 MP: 5/9
   411 | D:1      | Reached skill level 5 in Spellcasting
   420 | D:1      | Learned a level 2 spell: Blink
   423 | D:1      | Learned a level 2 spell: Repel Missiles
   590 | D:1      | Reached XP level 3. HP: 19/19 MP: 2/11
  1023 | D:2      | Learned a level 3 spell: Conjure Flame
  1027 | D:2      | Learned a level 3 spell: Mephitic Cloud
  1405 | D:2      | Found an iron altar of Okawaru.
  1726 | D:2      | Reached XP level 4. HP: 24/24 MP: 5/13
  1794 | D:2      | Found a blossoming altar of Fedhas.
  1825 | D:2      | Found a stormy altar of Qazlal.
  1969 | D:2      | Reached skill level 6 in Spellcasting
  2215 | D:3      | Found a glowing golden altar of the Shining One.
  2585 | D:3      | Reached XP level 5. HP: 28/28 MP: 15/15
  2609 | D:3      | Found a shattered altar of Ashenzari.
  2975 | D:3      | Found an oddly glowing altar of Pakellas.
  3104 | D:3      | You fall through a shaft for 3 floors!
  3147 | D:6      | Reached skill level 1 in Shields
  3232 | D:5      | Entered Level 5 of the Dungeon
  3261 | D:5      | Noticed Sigmund
  3340 | D:5      | Noticed jediscout1's ghost (novice FoAK)
  3401 | D:4      | Found a radiant altar of Vehumet.
  3423 | D:4      | Became a worshipper of Vehumet
  3542 | D:4      | Found a shimmering altar of Xom.
  3564 | D:4      | Reached XP level 6. HP: 32/32 MP: 15/17
  3861 | D:4      | Noticed moose's ghost (amateur GrAM)
  4141 | D:5      | Noticed Crazy Yiuf
  4164 | D:5      | Killed Crazy Yiuf
  4400 | D:5      | Noticed Menkaure
  4469 | D:5      | Killed Sigmund
  4469 | D:5      | Reached skill level 7 in Spellcasting
  4773 | D:6      | Reached XP level 7. HP: 36/36 MP: 8/20
  5294 | D:6      | Found Feekai's Armour Shop.
  5302 | D:6      | Bought a +0 pair of gloves of strength for 149 gold pieces
  5565 | D:7      | Found a staircase to the Ecumenical Temple.
  5724 | D:7      | Found an opulent altar of Gozag.
  5731 | D:7      | Found Leurpheu's Assorted Antiques.
  5737 | D:7      | Reached * piety under Vehumet
  5737 | D:7      | Offered knowledge of Sting by Vehumet.
  5737 | D:7      | Reached skill level 8 in Spellcasting
  5737 | D:7      | Reached skill level 5 in Conjurations
  5740 | D:7      | Learned a level 1 spell: Sting
  5756 | D:7      | Found a burning altar of Makhleb.
  6056 | D:7      | Reached XP level 8. HP: 41/41 MP: 22/22
  6476 | D:8      | Noticed MechaSlinky's ghost (novice TrAK)
  6786 | D:8      | Reached skill level 9 in Spellcasting
  6903 | D:8      | Noticed a skeletal warrior
  6904 | D:8      | Noticed a skeletal warrior
  6910 | D:8      | Noticed a skeletal warrior
  7192 | D:8      | Identified a -2 rod of ignition (10/10) (You found it on level 3 of the Dungeon)
  7201 | D:8      | Noticed a skeletal warrior
  7306 | D:7      | Demolished by a skeletal warrior

Vault maps used:
D:1:      minmay_arrival_plants_in_alcoves, hangedman_decor_clover_reticule,
          grunt_decor_mini_mirrors
D:2:      lemuel_crystal_altar, grunt_temple_overflow_forces_of_nature,
          first_bread
D:3:      overflow_temple_1_default, nicolae_overflow_hidden_temple,
          lemuel_coloured_pillars_altar, old_standard_altar
D:4:      vehumet_altar_wand_db, nicolae_overflow_crystal_walls
D:5:      elyvilon_altar_3, nemelex_xobeh_ov_fountains_minmay, uniq_sigmund,
          uniq_menkaure, uniq_pikel, uniq_crazy_yiuf_cottage, uniq_blork_the_orc
D:6:      serial_shops, shop
D:7:      grunt_gozag_statues, lemuel_crystal_altar,
          minmay_temple_entry_statues_pillars, serial_shops, shop
D:8:      the_bakery

Skill      XL: |  1  2  3  4  5  6  7  8 |
---------------+-------------------------+-----
Conjurations   | 2 3 4 5 6 |  6.3
Spellcasting   | 5 6 7 8 9 |  9.2
Dodging        | 3 4 |  4.4
Shields        | 1 2 3 4 |  4.0
Stealth        | |  2.4
Summonings     | |  1.1
Translocations | |  1.1

Action                   |  1- 3 |  4- 6 |  7- 9 || total
-------------------------+-------+-------+-------++-------
Melee: Unarmed           |     2 |       |       ||     2
       Dagger            |       |     1 |       ||     1
       Spear             |       |    87 |   146 ||   233
 Cast: Magic Dart        |    93 |   116 |    52 ||   261
       Repel Missiles    |     1 |       |     1 ||     2
       Conjure Flame     |     2 |    16 |    23 ||    41
       Mephitic Cloud    |       |     6 |     7 ||    13
       Blink             |       |     1 |     3 ||     4
       Sting             |       |       |     6 ||     6
Evoke: Wand              |       |     2 |       ||     2
  Use: Potion            |     4 |       |       ||     4
       Scroll            |     4 |     3 |     6 ||    13
 Stab: Sleeping          |       |       |     2 ||     2
  Eat: Chunk             |     3 |     8 |     8 ||    19
